 Dungeon Sprint DCSS version 0.19.1-1-g22dce08 (webtiles) character file.

3321 dvd the Bludgeoner (level 9, -1/94 HPs)
             Began as a Minotaur Berserker on Jan 2, 2017.
             Was a High Priest of Trog.
             Slain by a deep elf knight
             ... wielding a +2 long sword of slicing
              (3 damage)
             ... in the Dungeon (Sprint III: "The Ten Rune Challenge").
             The game lasted 00:07:58 (1239 turns).

dvd the Bludgeoner (Minotaur Berserker)             Turns: 1239, Time: 00:08:02

Health: -1/94      AC: 12    Str: 23    XL:     9   Next: 71%
Magic:  8/8        EV: 12    Int:  2    God:    Trog [*****.]
Gold:   2465       SH:  0    Dex: 11    Spells: 0 memorised, 8 levels left

rFire  . . .     SeeInvis .     v - +11 great sword "Leviticus" {drain, rPois rN+ Dex-3 Stlth+}
rCold  . . .     Gourm    .     y - +0 chain mail {MR+}
rNeg   + . .     Faith    .     (shield currently unavailable)
rPois  +         Spirit   .     (helmet unavailable)
rElec  .         Reflect  .     (no cloak)
rCorr  .         Harm     .     (no gloves)
MR     +++..     NoTele   +     (no boots)
Stlth  ..........               (no amulet)
                                (no ring)
                                (no ring)

@: exhausted, regenerating, slowed, very slow
A: retaliatory headbutt, horns 3, molten scales 1, agile 1, blink, dopey 1, wild
magic 1
a: Blink, Berserk, Trog's Hand, Brothers in Arms, Burn Spellbooks, Renounce
Religion


You were in the Dungeon.
You worshipped Trog.
Trog was extremely pleased with you.
You were near starving.

You visited 1 branch You collected 2465 gold pieces.

Inventory:

Hand Weapons
 s - a +2 short sword of electrocution
 u - a +2 long sword of holy wrath
 v - the +11 great sword "Leviticus" (weapon) {drain, rPois rN+ Dex-3 Stlth+}
   (Trog gifted it to you in the Dungeon)

   A truly terrible weapon, it drains the life of those it strikes.
   It affects your dexterity (-3).
   It protects you from poison.
   It protects you from negative energy.
   It makes you more stealthy.
 w - a +2 antimagic hand axe
 x - a +0 antimagic great sword
 A - a +3 flail
 B - a +3 mace
 C - a +0 short sword of venom
Armour
 b - a +0 animal skin
 t - a +2 robe of fire resistance
 y - a +0 chain mail of magic resistance (worn)
Scrolls
 i - a scroll of blinking
 l - 3 scrolls of identify
 o - a scroll of holy word {unknown}
 p - a scroll of fear {unknown}
 q - a scroll of recharging {unknown}
Potions
 d - 2 potions of curing
 f - a potion of haste
 g - 2 potions of magic
 h - a potion of berserk rage
 j - a potion of might
 m - 4 potions of cure mutation
 n - a potion of flight
Comestibles
 c - 2 bread rations
 r - a royal jelly
 z - 19 chunks of flesh


   Skills:
 + Level 13.8 Fighting
 + Level 4.6(7.9) Short Blades
 * Level 10.6(11.1) Long Blades
 + Level 15.6 Maces & Flails
 + Level 7.1 Armour
 + Level 8.7 Dodging
 + Level 2.3 Stealth


You had 8 spell levels left.
You didn't know any spells.

Dungeon Overview and Level Annotations

Branches:
Dungeon (1/1)

Altars:
Cheibriados
Dithmenos
Elyvilon
Fedhas
Gozag
Hepliaklqana
Kikubaaqudgha
Makhleb
Nemelex Xobeh
Okawaru
Qazlal
Ru
Sif Muna
Trog
Uskayaw
Vehumet
Xom
Yredelemnul
Zin
The Shining One
Beogh
Jiyva
Lugonu

Shops:
D (


Innate Abilities, Weirdness & Mutations

You reflexively headbutt those who attack you in melee.
You have a pair of large horns on your head.
You are partially covered in molten scales. (AC +2)
You are agile. (Dex +2)
You can translocate small distances at will.
You are dopey. (Int -2)
Your spells are a little harder to cast, but a little more powerful.


Message History

The shard of ice misses you.
The deep elf knight hits you with a short sword.
* * * LOW HITPOINT WARNING * * *
Something hits you!
* * * LOW HITPOINT WARNING * * *
x2 Your ogre closely misses the deep elf knight.
The deep elf knight gestures wildly while chanting.
Something hits you.
* * * LOW HITPOINT WARNING * * *
x2 The deep elf mage mumbles some strange words.
The deep elf mage blinks!
Your ogre hits the deep elf knight with a giant club!
You slash the deep elf knight!
You kill the deep elf knight!
Trog accepts your kill.
Trog appreciates your killing of a magic user.
Your base Long Blades skill increases to level 10!
Something hits you!
* * * LOW HITPOINT WARNING * * *
You die...

▓▓▓▓▓ #############
##...########
___#__[#__#.####.##..'.#...#
...#__.#._#...e......#.#...##≈
##'#'###)##......O.###T#...≈≈≈
..........#......)§# #{#e..##≈
.⌠........#.....@#∩# #eee..#
...######'#.#.##.### #######
.⌠.#__#...#)######
...#__#...#))≈≈≈+
)###__#...#.#≈§≈#
.).#__#...'.#§§.#
___#__'...#.#...#
▓▓▓▓▓▓▓▓▓▓▓▓▓▓▓▓▓


You could see a deep elf mage and a friendly ogre (berserk).

Vanquished Creatures
  Josephine (D)
  An orc high priest (D)
  A deep elf knight (D)
  A deep elf mage (D)
  A shadow (D)
  A spatial vortex (D)
  2 orc warriors (D)
  A necrophage (D)
  A water elemental (D)
  A jelly (D)
  An orc wizard (D)
  Jessica (D)
  A wizard (D)
  A necromancer (D)
  3 humans (D)
  A kobold demonologist (D)
  A phantom (D)
  13 orcs (D)
  A bat (D)
  3 rats (D)
37 creatures vanquished.

Vanquished Creatures (others)
  2 draconian scorchers (D)
  6 hellions (D)
  A yaktaur (D)
9 creatures vanquished.

Grand Total: 46 creatures vanquished

Notes
Turn   | Place    | Note
-------+----------+-------------------------------------------
     0 | D        | dvd the Minotaur Berserker began the quest for the Orb.
     0 | D        | Reached XP level 1. HP: 19/19 MP: 0/0
    37 | D        | Reached ** piety under Trog
    37 | D        | Reached skill level 4 in Maces & Flails
    47 | D        | Noticed Jessica
    49 | D        | Killed Jessica
    49 | D        | Reached skill level 5 in Fighting
    49 | D        | Reached skill level 5 in Maces & Flails
    49 | D        | Reached XP level 2. HP: 26/29 MP: 1/1
    88 | D        | Killed a hellion
   100 | D        | Killed a hellion
   103 | D        | Reached skill level 6 in Maces & Flails
   103 | D        | Reached XP level 3. HP: 8/37 MP: 2/2
   123 | D        | Killed a hellion
   151 | D        | Killed a yaktaur
   152 | D        | Killed a hellion
   152 | D        | Killed a hellion
   172 | D        | Killed a white draconian scorcher
   182 | D        | Killed a hellion
   188 | D        | Killed a white draconian scorcher
   373 | D        | Gained mutation: You are dopey. (Int -2) [potion of mutation]
   373 | D        | Gained mutation: You are partially covered in molten scales. (AC +2) [potion of mutation]
   373 | D        | Gained mutation: You have a pair of large horns on your head. [potion of mutation]
   374 | D        | Gained mutation: Your spells are a little harder to cast, but a little more powerful. [potion of mutation]
   374 | D        | Gained mutation: You can translocate small distances at will. [potion of mutation]
   374 | D        | Gained mutation: You are agile. (Dex +2) [potion of mutation]
   385 | D        | Noticed a water elemental
   388 | D        | Killed a water elemental
   388 | D        | Reached *** piety under Trog
   388 | D        | Reached skill level 8 in Maces & Flails
   388 | D        | Reached XP level 4. HP: 47/47 MP: 3/3
   427 | D        | Found a radiant altar of Vehumet.
   427 | D        | Found a deep blue altar of Sif Muna.
   427 | D        | Found an ancient bone altar of Kikubaaqudgha.
   427 | D        | Noticed a wizard
   428 | D        | Killed a wizard
   436 | D        | Reached **** piety under Trog
   436 | D        | Reached skill level 9 in Maces & Flails
   436 | D        | Reached XP level 5. HP: 45/53 MP: 4/4
   447 | D        | Reached ***** piety under Trog
   460 | D        | Found a hide-covered altar of Uskayaw.
   460 | D        | Found a roughly hewn altar of Beogh.
   460 | D        | Found an iron altar of Okawaru.
   460 | D        | Found a bloodstained altar of Trog.
   460 | D        | Noticed a human
   463 | D        | Noticed a human
   463 | D        | Killed a human
   463 | D        | Reached skill level 10 in Maces & Flails
   463 | D        | Reached skill level 5 in Armour
   463 | D        | Reached skill level 5 in Dodging
   463 | D        | Reached XP level 6. HP: 64/64 MP: 5/5
   469 | D        | Killed a human
   469 | D        | Reached skill level 10 in Fighting
   469 | D        | Reached skill level 11 in Maces & Flails
   515 | D        | Found a basalt altar of Yredelemnul.
   515 | D        | Found a shadowy altar of Dithmenos.
   515 | D        | Found a sacrificial altar of Ru.
   517 | D        | Received a gift from Trog
   521 | D        | Reached skill level 12 in Maces & Flails
   521 | D        | Reached XP level 7. HP: 71/73 MP: 6/6
   535 | D        | Found a glowing silver altar of Zin.
   535 | D        | Found a glowing golden altar of the Shining One.
   535 | D        | Found a white marble altar of Elyvilon.
   540 | D        | Noticed a deep elf mage
   554 | D        | Killed a deep elf mage
   554 | D        | Reached skill level 13 in Maces & Flails
   719 | D        | Noticed a shadow
   724 | D        | Killed a shadow
   724 | D        | Reached XP level 8. HP: 67/83 MP: 7/7
   824 | D        | Found a blossoming altar of Fedhas.
   824 | D        | Found a stormy altar of Qazlal.
   824 | D        | Found a snail-covered altar of Cheibriados.
   824 | D        | Found a burning altar of Makhleb.
   824 | D        | Found a shimmering altar of Xom.
   825 | D        | Found a hazy altar of Hepliaklqana.
   825 | D        | Found an opulent altar of Gozag.
   825 | D        | Found a sparkling altar of Nemelex Xobeh.
   825 | D        | Found a corrupted altar of Lugonu.
   825 | D        | Found a viscous altar of Jiyva.
   833 | D        | Reached skill level 1 in Long Blades
   833 | D        | Reached skill level 14 in Maces & Flails
   876 | D        | Noticed Josephine
   887 | D        | Killed Josephine
   887 | D        | Reached ****** piety under Trog
   887 | D        | Received a gift from Trog
   887 | D        | Reached skill level 15 in Maces & Flails
   887 | D        | Reached skill level 1 in Stealth
   887 | D        | Reached XP level 9. HP: 56/93 MP: 8/8
   920 | D        | Got an ancient great sword {god gift}
   921 | D        | Identified the +11 great sword "Leviticus" {drain, rPois rN+ Dex-3 Stlth+} (Trog gifted it to you in the Dungeon)
  1088 | D        | Noticed an orc high priest
  1104 | D        | Received a gift from Trog
  1110 | D        | Reached skill level 5 in Long Blades
  1114 | D        | Noticed a hellwing
  1116 | D        | Killed an orc high priest
  1118 | D        | Received a gift from Trog
  1187 | D        | Found Acur Giu's Weapon Shop.
  1213 | D        | Noticed a deep elf mage
  1213 | D        | Noticed a deep elf knight
  1213 | D        | Noticed a deep elf mage
  1213 | D        | Noticed a deep elf knight
  1213 | D        | Noticed a deep elf mage
  1239 | D        | Killed a deep elf knight
  1239 | D        | Reached skill level 10 in Long Blades
  1239 | D        | HP: 2/94 [something (11)]
  1239 | D        | Slain by a deep elf knight

Skill      XL: |  1  2  3  4  5  6  7  8  9 |
---------------+----------------------------+-----
Maces & Flails | 5 6 8 9 10 12 13 15 | 15.6
Fighting       | 5 6 7 9 10 12 13 | 13.8
Armour         | 3 4 5 6 7 |  7.1
Dodging        | 3 4 5 6 7 8 |  8.7
Short Blades   | 4 |  4.6
Long Blades    | 3 10 | 10.6
Stealth        | 1 2 |  2.3

Action                   |  1- 3 |  4- 6 |  7- 9 || total
-------------------------+-------+-------+-------++-------
Melee: Mace              |    23 |    16 |       ||    39
       Headbutt          |     3 |     2 |    13 ||    18
       Short sword       |       |     2 |     8 ||    10
       Long sword        |       |       |    19 ||    19
       Great sword       |       |       |    34 ||    34
Invok: Berserk           |     1 |     1 |     2 ||     4
       Burn Spellbooks   |       |     1 |       ||     1
       Trog's Hand       |       |       |     2 ||     2
       Brothers in Arms  |       |       |     2 ||     2
  Use: Potion            |     4 |       |     2 ||     6
       Scroll            |       |       |     1 ||     1
 Stab: Distracted        |       |       |     1 ||     1
  Eat: Chunk             |       |       |     2 ||     2
       Royal jelly       |       |       |     1 ||     1
Armor: Animal skin       |     1 |     3 |     3 ||     7
       Chain mail        |       |       |     4 ||     4
Dodge: Dodged            |    11 |     9 |    25 ||    45
       Rpst.: Long sword |       |       |     2 ||     2
       Great sword       |       |       |     3 ||     3
